 Dungeon Crawl Stone Soup version 0.29-a0-1065-g47a6bb87d6 (webtiles) character file.

Game seed: 17352590196750117452

7542 soberaf the Marksminotaur (level 10, -4/75 HPs)
             Began as a Minotaur Hunter on Aug 18, 2022.
             Was a High Priest of Okawaru.
             Slain by a tengu warrior
             ... wielding a +0 great mace
              (16 damage)
             ... on level 8 of the Dungeon.
             The game lasted 00:37:13 (10930 turns).

soberaf the Marksminotaur (Minotaur Hunter)        Turns: 10930, Time: 00:37:15

Health: -4/75      AC:  8    Str: 15    XL:     10   Next: 96%
Magic:  13/13      EV: 17    Int:  3    God:    Okawaru [*****.]
Gold:   509        SH:  0    Dex: 23    Spells: 8/9 levels left

rFire   + . .      SeeInvis .   b - +4 triple crossbow of Goraciurch {flame, rPois Will+ Int-3 Stlth+}
rCold   . . .      Faith    .   (shield currently unavailable)
rNeg    + . .      Spirit   .   F - +3 leather armour {rN+}
rPois   +          Reflect  .   (helmet restricted)
rElec   .          Harm     .   p - +0 cloak
rCorr   .          Rampage  .   h - +0 pair of gloves
Will    ++...                   (no boots)
Stlth   +++.......              f - amulet of the acrobat
HPRegen 0.22/turn               l - ring of the Bellicose God {rF+ Will+ EV+4 Dex+4}
MPRegen 0.13/turn               u - ring of poison resistance

@: no status effects
A: horns 2, retaliatory headbutt
a: Renounce Religion, Heroism, Finesse, Duel


You were on level 8 of the Dungeon.
You worshipped Okawaru.
Okawaru was extremely pleased with you.
You visited 1 branch of the dungeon, and saw 9 of its levels.

You collected 509 gold pieces.

Inventory:

Hand Weapons
 a - a +3 shortbow of freezing
 b - the +4 triple crossbow of Goraciurch (weapon) {flame, rPois Will+ Int-3 Stlth+}
   (You acquired it on level 7 of the Dungeon)

   Any ammunition fired from it burns those it strikes, dealing additional fire
   damage.
   Int:       It affects your intelligence (-3).
   rPois:     It protects you from poison.
   Will:      It increases your willpower.
   Stlth:     It makes you more stealthy.
 E - a +0 arbalest
Missiles
 k - 31 poisoned darts
 z - 3 curare-tipped darts
 A - a throwing net
Armour
 h - a +0 pair of gloves (worn)
 p - a +0 cloak (worn)
 x - a +1 robe of willpower
 F - a +3 leather armour of positive energy (worn)
Jewellery
 f - an amulet of the acrobat (around neck)
 l - the ring of the Bellicose God (left hand) {rF+ Will+ EV+4 Dex+4}
   (You acquired it on level 7 of the Dungeon)

   [ring of evasion]

   EV:        It affects your evasion (+4).
   Dex:       It affects your dexterity (+4).
   rF:        It protects you from fire.
   Will:      It increases your willpower.
 o - a ring of flight
 u - a ring of poison resistance (right hand)
Wands
 m - a wand of polymorph (6)
 D - a wand of flame (16)
Scrolls
 d - 3 scrolls of teleportation
 g - a scroll of magic mapping
 i - a scroll of torment
 v - a scroll of blinking {unknown}
Potions
 c - a potion of haste
 e - 3 potions of curing
 j - a potion of degeneration {unknown}
 n - a potion of ambrosia
 q - 2 potions of attraction
 s - 2 potions of brilliance
 w - a potion of invisibility {unknown}
 B - 2 potions of lignification
 C - a potion of flight {unknown}


   Skills:
 - Level 2.9 Fighting
 + Level 16.4 Ranged Weapons
 - Level 2.5 Dodging
 - Level 1.0 Stealth
 - Level 6.2 Invocations
 - Level 4.0 Evocations


You had 8 spell levels left.
You knew the following spells:

 Your Spells              Type           Power      Damage    Failure   Level
a - Apportation           Tloc           0%         N/A       58%         1

Your spell library contained the following spells:

 Spells                   Type           Power      Damage    Failure   Level
 Necrotise                Necr           0%         1d4       58%         1
 Slow                     Hex            0%         N/A       58%         1
 Confusing Touch          Hex            0%         N/A       92%         3
 Inner Flame              Hex/Fire       0%         N/A       92%         3
 Portal Projectile        Hex/Tloc       0%         N/A       92%         3
 Vampiric Draining        Necr           0%         2d6       92%         3
 Cause Fear               Hex            0%         N/A       100%        4
 Alistair's Intoxication  Tmut/Pois      0%         N/A       100%        5
 Blade Hands              Tmut           0%         N/A       100%        5
 Discord                  Hex            0%         N/A       100%        8
 Summon Small Mammal      Summ           Unusable   N/A       N/A         1
 Tukima's Dance           Hex            Unusable   N/A       N/A         3

Dungeon Overview and Level Annotations

Branches:
Dungeon (9/15)             Temple (0/1) D:7            Lair (0/5) D:8
    Orc (0/2) D:9

Altars:
Cheibriados
Gozag
Hepliaklqana
Kikubaaqudgha
Nemelex Xobeh
Okawaru
Vehumet

Shops:
D:3 =


Innate Abilities, Weirdness & Mutations

You have a pair of horns on your head.
You reflexively headbutt those who attack you in melee.


Message History

The tengu warrior misses you. The tengu warrior barely misses you.
There is a stone staircase leading up, spattered with blood here.
The tengu warrior barely misses you. The tengu warrior pecks you.
The tengu warrior claws you.
You climb upwards.
Reactivating autopickup.
There is a stone staircase leading down here.
You are too injured to fight recklessly!
Fire: b) +4 triple crossbow of Goraciurch {flame, rPois Will+ Int-3 Stlth+}
Press: ? - help, Q - select action, (/) - cycle Shift-Dir - straight line, f - tengu warrior
Aim: a tengu warrior, wielding a +0 great mace and wearing a +0 ring mail (56% to hit)
You shoot a bolt. The bolt misses the tengu warrior.
The tengu warrior misses you.
The tengu warrior completely misses you.
The tengu warrior misses you.
Fire: b) +4 triple crossbow of Goraciurch {flame, rPois Will+ Int-3 Stlth+}
Press: ? - help, Q - select action, (/) - cycle Shift-Dir - straight line, f/p - tengu warrior
Aim: a tengu warrior, wielding a +0 great mace and wearing a +0 ring mail (56% to hit)
You shoot a bolt. The bolt misses the tengu warrior.
The tengu warrior hits you with a +0 great mace.
The tengu warrior pecks you but does no damage.
The tengu warrior claws you.
The tengu warrior hits you with a +0 great mace!!
* * * LOW HITPOINT WARNING * * *
The tengu warrior closely misses you. The tengu warrior claws you.
* * * LOW HITPOINT WARNING * * *
Aiming: Bolt of Light
Press: ? - help, Shift-Dir - straight line, f/p - tengu warrior
Aim: a tengu warrior, wielding a +0 great mace and wearing a +0 ring mail (54% to hit)
The bolt of light misses the tengu warrior.
The tengu warrior hits you with a +0 great mace!
* * * LOW HITPOINT WARNING * * *
The tengu warrior misses you. The tengu warrior barely misses you.
Aiming: Bolt of Light
Press: ? - help, Shift-Dir - straight line, f/p - tengu warrior
Aim: a tengu warrior, wielding a +0 great mace and wearing a +0 ring mail (54% to hit)
The bolt of light misses the tengu warrior.
The now-empty wand crumbles to dust.
The tengu warrior hits you with a +0 great mace!
You die...

#...............# ##.##..
##.............## #.##..
##.....#.....## ###.##..
############## #......#
#..........# #.#.###.
#..........# #.#.###.
#..........#######.#.....
###..##.....[...##..#..###
#...###.Q@......##.##....)
#.### #..............<####
#.# #..<............# ###.#
#.........#####.# #...#
#.........####..#### ##)###
#................... #)..#
#................... #...#
#.................._
#...#########.#####..........


You could see a tengu warrior.

Vanquished Creatures
  A two-headed ogre (D:8)
  Maurice (D:8)
  Joseph (D:8)
  3 trolls
  Sigmund (D:2)
  A wyvern (D:9)
  A steam dragon (D:9)
  7 orc warriors
  3 black bears
  4 ogres
  An ice beast (D:7)
  2 wolves (D:8)
  4 centaurs
  4 kobold brigands
  A phantom (D:7)
  4 bullfrogs
  3 gnoll sergeants
  3 necrophages
  3 scorpions
  3 wights
  16 killer bees
  3 electric eels (D:8)
  A howler monkey (D:4)
  2 jellies
  9 hounds
  2 gnoll boudas
  9 orc priests
  2 iguanas (D:5)
  6 orc wizards
  8 adders
  19 gnolls
  2 white imps
  4 ufetubi
  2 worms
  3 dart slugs (D:2)
  30 orcs
  2 ball pythons
  7 endoplasms
  A giant cockroach (D:1)
  4 goblins
  3 hobgoblins
  6 jackals
  14 kobolds
  3 bats
  4 frilled lizards (D:1)
  4 rats
217 creatures vanquished.

Notes
Turn   | Place    | Note
-------+----------+-------------------------------------------
     0 | D:1      | soberaf the Minotaur Hunter began the quest for the Orb.
     0 | D:1      | Reached XP level 1. HP: 18/18 MP: 0/0
   152 | D:1      | Reached XP level 2. HP: 25/25 MP: 1/1
   313 | D:1      | Reached skill level 5 in Ranged Weapons
   457 | D:1      | Found a faded altar of an unknown god.
   465 | D:1      | Prayed at the altar of an unknown god.
   465 | D:1      | Became a worshipper of Warmaster Okawaru
   465 | D:1      | Reached * piety under Okawaru
   914 | D:2      | Noticed Sigmund
   982 | D:2      | Reached XP level 3. HP: 30/30 MP: 2/2
  1605 | D:3      | Found Tohiluw's Jewellery Shop.
  2060 | D:2      | Reached skill level 1 in Stealth
  2169 | D:3      | Found an ancient bone altar of Kikubaaqudgha.
  2260 | D:3      | Noticed a scorpion
  2451 | D:3      | Reached skill level 1 in Evocations
  2763 | D:4      | Reached XP level 4. HP: 37/37 MP: 3/3
  2789 | D:4      | Found an opulent altar of Gozag.
  2901 | D:4      | Found a snail-covered altar of Cheibriados.
  2908 | D:4      | Found a radiant altar of Vehumet.
  3205 | D:4      | Reached XP level 5. HP: 35/44 MP: 4/4
  3869 | D:5      | Entered Level 5 of the Dungeon
  4275 | D:5      | Reached ** piety under Okawaru
  4276 | D:5      | Reached skill level 6 in Ranged Weapons
  4276 | D:5      | Reached XP level 6. HP: 36/50 MP: 5/5
  4466 | D:5      | Found a sparkling altar of Nemelex Xobeh.
  5008 | D:5      | Reached skill level 7 in Ranged Weapons
  5463 | D:5      | Reached XP level 7. HP: 42/56 MP: 6/6
  5606 | D:4      | Reached skill level 8 in Ranged Weapons
  5997 | D:2      | Killed Sigmund
  5997 | D:2      | Reached *** piety under Okawaru
  5998 | D:2      | Reached skill level 9 in Ranged Weapons
  6379 | D:6      | You are sucked into a shaft and drop 1 floor!
  6470 | D:7      | Reached XP level 8. HP: 62/62 MP: 7/7
  6539 | D:6      | Reached skill level 10 in Ranged Weapons
  6742 | D:6      | Found an iron altar of Okawaru.
  7038 | D:7      | Found a staircase to the Ecumenical Temple.
  7202 | D:6      | Reached skill level 11 in Ranged Weapons
  7600 | D:6      | Reached **** piety under Okawaru
  7601 | D:6      | Reached skill level 12 in Ranged Weapons
  7815 | D:7      | Reached skill level 1 in Invocations
  7815 | D:7      | Reached XP level 9. HP: 68/68 MP: 7/9
  8129 | D:8      | Found a hazy altar of Hepliaklqana.
  8552 | D:8      | Reached skill level 5 in Invocations
  8564 | D:8      | Noticed Maurice
  8633 | D:8      | Killed Maurice
  9005 | D:8      | Reached skill level 13 in Ranged Weapons
  9012 | D:8      | Reached ***** piety under Okawaru
  9316 | D:8      | Noticed a two-headed ogre
  9352 | D:8      | Killed a two-headed ogre
  9353 | D:8      | Reached XP level 10. HP: 75/75 MP: 13/13
  9367 | D:8      | Noticed Joseph
  9526 | D:8      | Reached skill level 14 in Ranged Weapons
  9815 | D:7      | Identified 2 scrolls of acquirement
  9815 | D:7      | Acquired the +4 triple crossbow of Goraciurch {flame, rPois
                  | Will+ Int-3 Stlth+}
  9839 | D:7      | Acquired the ring of the Bellicose God {rF+ Will+ EV+4
                  | Dex+4}
  9880 | D:8      | Learned a level 1 spell: Apportation
  9906 | D:8      | Found a staircase to the Lair.
 10311 | D:9      | Found a staircase to the Orcish Mines.
 10314 | D:9      | Identified the +5 kite shield of the Teacher {rC+ Regen+}
                  | (Okawaru gifted it to you on level 9 of the Dungeon)
 10314 | D:9      | Received a gift from Okawaru
 10315 | D:9      | Reached skill level 15 in Ranged Weapons
 10631 | D:9      | Noticed a tengu warrior
 10634 | D:9      | Reached skill level 16 in Ranged Weapons
 10637 | D:9      | Noticed a two-headed ogre
 10663 | D:8      | Killed Joseph
 10930 | D:8      | Slain by a tengu warrior

Illustrated notes

Levels and vault maps discovered:
D:1:      lordsloth_arrival_two_stooges, layout_loops_corners,
          hellmonk_ecumenical_altar_run_dry
D:2:      layout_basic, uniq_sigmund
D:3:      layout_basic, nicolae_kikubaaqudgha_miasma_corner, serial_shops, shop
D:4:      layout_loops_ring, nicolae_gozag_seed_capital,
          mainiacjoe_overflow_large_starburst, kennysheep_small_spiral
D:5:      layout_basic, kennysheep_mini, nicolae_eternal_life
D:6:      layout_loops_ring, okawaru_ov_weapons_minmay, roderic_roman_lattice
D:7:      layout_rooms, minmay_temple_entry_drinking_statues
D:8:      layout_rooms, mainiacjoe_overflow_chevrons, erik_lair_island,
          uniq_maurice, uniq_joseph
D:9:      layout_irregular_city, kennysheep_orc_monster_closet_entryway,
          serial_column_ruins, column_ruins_courtyard_long_water,
          column_ruins_open_tiny, column_ruins_open_tiny, column_ruins_grid_2,
          column_ruins_grid_1, column_ruins_corridor_dead_end,
          column_ruins_columns_corner, grunt_potential

Skill      XL: |  1  2  3  4  5  6  7  8  9 10 |
---------------+-------------------------------+-----
Ranged Weapons | 5 6 7 9 12 13 16 | 16.4
Stealth        | 1 |  1.0
Evocations     | 1 3 4 |  4.0
Invocations    | 1 6 |  6.2
Fighting       | |  2.9
Dodging        | |  2.5

Action                   |  1- 3 |  4- 6 |  7- 9 | 10-12 || total
-------------------------+-------+-------+-------+-------++-------
 Fire: Shortbow          |   120 |   131 |   256 |    84 ||   591
       Triple crossbow   |       |       |       |    15 ||    15
Throw: Dart              |       |       |     8 |     3 ||    11
Invok: Heroism           |     1 |       |     2 |     2 ||     5
       Finesse           |       |       |       |     2 ||     2
Evoke: Wand              |       |     3 |     6 |     3 ||    12
  Use: Scroll            |       |     5 |    10 |     6 ||    21
       Potion            |       |       |       |     1 ||     1
Armor: Leather armour    |    13 |       |       |     3 ||    16
       Robe              |       |    15 |    17 |     7 ||    39
Dodge: Dodged            |    28 |    36 |    93 |    43 ||   200

Table legend: (Time is in decaauts)
 A = Elapsed time spent in this place.
 B = Non-inter-level travel time spent in this place.
 C = Inter-level travel time spent in this place.
 D = Time resting spent in this place.
 E = Time spent auto-exploring this place.
 F = Levels seen in this place.
 G = Mean time per level.
                   A        B        C        D        E       F      G
               +--------+--------+--------+--------+--------+-----+--------+
         Total |  10946 |   9981 |    965 |   2390 |   4961 |   9 | 1216.2 |
       Dungeon |  10946 |   9981 |    965 |   2390 |   4961 |   9 | 1216.2 |
               +--------+--------+--------+--------+--------+-----+--------+

Top non-repeatable levels by time:
     D:4: 1810 daAuts
     D:7: 1714 daAuts
     D:5: 1592 daAuts
     D:8: 1346 daAuts
     D:1: 1107 daAuts
     D:6: 1073 daAuts
     D:3: 1049 daAuts
     D:2: 690 daAuts
     D:9: 561 daAuts
